 Dungeon Crawl Stone Soup version 0.29.1-2-gbd0b4ee654 (webtiles) character file.

Game seed: 4470147121840605138

25 qeuew the Ruffian (level 2, -1/34 HPs)
             Began as a Draconian Transmuter on Nov 4, 2022.
             Slain by a hobgoblin (4 damage)
             ... led by Robin
             ... on level 2 of the Dungeon.
             The game lasted 00:02:10 (1500 turns).

qeuew the Ruffian (Draconian Transmuter)            Turns: 1500, Time: 00:02:10

Health: -1/34      AC:  4    Str: 12    XL:     2   Next: 82%
Magic:  4/5        EV: 12    Int: 13    God:
Gold:   58         SH:  0    Dex: 11    Spells: 4/5 levels left

rFire   + . .      SeeInvis .     - Unarmed
rCold   + . .      Faith    .   (no shield)
rNeg    . . .      Spirit   .   (body armour unavailable)
rPois   .          Reflect  .   (helmet currently unavailable)
rElec   .          Harm     .   e - scarf {rC+ rF+}
rCorr   .          Rampage  .   (no gloves)
Will    .....                   (boots currently unavailable)
Stlth   ..........              (no amulet)
HPRegen 0.11/turn               (no ring)
MPRegen 0.09/turn               (no ring)

@: berserking, appendages, very quick
A: horns 2, talons 2, AC +4, unfitting armour, cold-blooded
a: End Transformation


You were on level 2 of the Dungeon.
You had temporarily grown beastly horns and talons.
You visited 1 branch of the dungeon, and saw 2 of its levels.

You collected 58 gold pieces.

Inventory:

Missiles
 c - a throwing net
Armour
 e - a scarf of resistance (worn)
Jewellery
 d - a +4 ring of protection
 h - a +6 ring of dexterity
Scrolls
 b - 2 scrolls of identify
 g - a scroll of blinking
Potions
 a - a potion of lignification
 f - a potion of berserk rage


   Skills:
 * Level 1.5 Fighting
 + Level 2.0 Dodging
 + Level 0.2 Stealth
 + Level 3.4 Unarmed Combat
 * Level 2.2 Spellcasting
 * Level 2.1 Transmutations


You had 4 spell levels left.
You knew the following spells:

 Your Spells              Type           Power      Damage    Failure   Level
a - Beastly Appendage     Tmut           14%        N/A       11%         1

Your spell library contained the following spells:

 Spells                   Type           Power      Damage    Failure   Level
 Wereblood                Tmut           7%         N/A       16%         2
 Static Discharge         Conj/Air       1%         3-4/arc   36%         2
 Spider Form              Tmut/Pois      4%         N/A       43%         3
 Ice Form                 Ice/Tmut       4%         N/A       85%         4
 Lightning Bolt           Conj/Air       0%         1d11      100%        5
 Maxwell's Capacitive Co  Air            0%         ∞         100%        8


Dungeon Overview and Level Annotations

Branches:
Dungeon (2/15)

Altars:

Annotations:
D:2 Robin


Innate Abilities, Weirdness & Mutations

You have temporarily grown beastly horns and talons.
Your plain brown scales are hard. (AC +4)
You cannot fit into any form of body armour.
You are cold-blooded and may be slowed by cold attacks.


Message History

You hear a shout!
The goblin shoots a sling bullet.
The sling bullet hits you.
Robin, a goblin and a hobgoblin come into view.
Robin shouts!
The goblin shouts!
The hobgoblin shouts!
Robin throws the goblin at you! The goblin hits you but does no damage.
You closely miss the goblin.
You tail-slap the goblin, but do no damage.
Robin roars a battlecry!
The goblins go into a battle-frenzy!
The goblin hits you with a +0 club.
The goblin unwields a +0 sling.
The goblin wields a +0 dagger.
The goblin closely misses you.
You hit the goblin.
You kill the goblin!
The goblin closely misses you. The hobgoblin barely misses you.
You barely miss the hobgoblin. The goblin misses you. The hobgoblin hits you.
You hit the hobgoblin but do no damage. The goblin hits you but does no damage.
Robin throws the goblin at you! The goblin hits you but does no damage.
The hobgoblin misses you.
You barely miss the goblin. The goblin completely misses you.
The goblin hits you but does no damage. The hobgoblin closely misses you.
You barely miss the goblin. The goblin hits you with a +0 club.
The hobgoblin closely misses you. The goblin hits you but does no damage.
There are monsters nearby!
There are monsters nearby!
You closely miss the goblin.
Your tail-slap misses the goblin.
The goblin hits you with a +0 club. The goblin hits you with a +0 dagger.
Robin laughs in a distinctly smug fashion.
You are too injured to fight recklessly!
Sorry, you're not good enough to have a special ability.
Casting: Beastly Appendage (safe; 11% risk of failure)
Press: ? - help, Q - select action, (/) - cycle Dir - look around, f - activate You grow a pair of large bovine horns.
Your feet morph into talons.
The goblin hits you with a +0 club.
* * * LOW HITPOINT WARNING * * *
The hobgoblin closely misses you. The goblin hits you but does no damage.
A red film seems to cover your vision as you go berserk!
You feel yourself moving faster!
You feel mighty! Robin hits you but does no damage.
The goblin barely misses you. The goblin misses you. The hobgoblin hits you.
You die...

.....# #..... #...#
#.....
###...######.....
#####>+..............
....#.#..............
#..(....#.########.
#.......#........'.
#gg...#.##########.
#g@.........# ###.
#g#.....###.# #...
#.#.....# ####...
#.##....... .......
#. +...............
## #...............
................
#.##.........### ####


You could see Robin, a hobgoblin (strong) and 2 goblins.

Vanquished Creatures
  4 ball pythons (D:1)
  2 bats (D:1)
  An endoplasm (D:1)
  2 giant cockroaches (D:1)
  3 goblins
  A hobgoblin (D:2)
  2 kobolds (D:1)
  2 quokkas (D:1)
  A frilled lizard (D:1)
  5 rats (D:1)
23 creatures vanquished.

Vanquished Creatures (others)
  A fungus (D:1)
  A plant (D:1)
2 creatures vanquished.

Grand Total: 25 creatures vanquished

Notes
Turn   | Place    | Note
-------+----------+-------------------------------------------
     0 | D:1      | qeuew the Draconian Transmuter began the quest for the Orb.
     0 | D:1      | Reached XP level 1. HP: 16/16 MP: 3/3
   454 | D:1      | Reached XP level 2. HP: 18/23 MP: 5/5
  1491 | D:2      | Noticed Robin
  1500 | D:2      | Slain by a hobgoblin

Illustrated notes

Levels and vault maps discovered:
D:1:      dpeg_arrival_water_fire, layout_loops_ring
D:2:      layout_basic, ebering_ecumenical_altar_hall, uniq_robin

Skill      XL: |  1  2 |
---------------+-------+-----
Dodging        | 2 |  2.0
Fighting       | |  1.5
Stealth        | |  0.2
Unarmed Combat | |  3.4
Spellcasting   | |  2.2
Transmutations | |  2.1

Action                   || total
-------------------------++-------
Melee: Unarmed           ||    81
       Tailslap          ||    10
       Punch             ||     1
 Cast: Beastly Appendage ||     1
  Use: Scroll            ||     2
       Potion            ||     1
 Stab: Sleeping          ||     1
Armor: Skin              ||    41
Dodge: Dodged            ||    59
